 Dungeon Crawl Stone Soup version 0.29-a0-451-gfbfa42419e (webtiles) character file.

Game seed: 14690943815327869929

26 acebull12 the Skirmisher (level 2, 0/28 HPs)
             Began as a Minotaur Fighter on May 20, 2022.
             Slain by Terence
             ... wielding a +0 mace
              (4 damage)
             ... on level 1 of the Dungeon.
             The game lasted 00:01:10 (1174 turns).

acebull12 the Skirmisher (Minotaur Fighter)         Turns: 1174, Time: 00:01:10

Health: 0/28       AC:  7    Str: 20    XL:     2   Next: 89%
Magic:  1/1        EV:  9    Int:  5    God:
Gold:   84         SH:  4    Dex:  9    Spells: 1/1 levels left

rFire   . . .      SeeInvis .   a - +0 war axe
rCold   . . .      Faith    .   c - +0 buckler
rNeg    . . .      Spirit   .   b - +0 scale mail
rPois   .          Reflect  .   (helmet restricted)
rElec   .          Harm     .   (no cloak)
rCorr   .          Rampage  .   (no gloves)
Will    .....                   (no boots)
Stlth   ..........              (no amulet)
HPRegen 0.09/turn               (no ring)
MPRegen 0.07/turn               (no ring)

@: no status effects
A: horns 2, retaliatory headbutt
a: no special abilities


You were on level 1 of the Dungeon.
You visited 1 branch of the dungeon, and saw 2 of its levels.

You collected 84 gold pieces.

Inventory:

Hand Weapons
 a - a +0 war axe (weapon)
Armour
 b - a +0 scale mail (worn)
 c - a +0 buckler (worn)
Jewellery
 f - a ring of fire
Scrolls
 e - a scroll of blinking {unknown}
 g - 2 scrolls of immolation {unknown}
 j - 2 scrolls of enchant weapon {unknown}
Potions
 d - a potion of might
 h - a potion of brilliance {unknown}
 i - a potion of heal wounds {unknown}
 k - a potion of curing {unknown}


   Skills:
 + Level 4.4 Fighting
 + Level 2.6 Axes
 + Level 4.0 Armour
 + Level 3.9 Shields


You had one spell level left.
You didn't know any spells.
Your spell library contained the following spells:

 Spells                   Type           Power      Damage    Failure   Level
 Ignite Poison            Fire/Tmut/Pois 0%         N/A       99%         3
 Tukima's Dance           Hex            0%         N/A       99%         3
 Passage of Golubria      Tloc           0%         N/A       100%        4
 Sticky Flame             Conj/Fire      0%         2d3       100%        4
 Freezing Cloud           Conj/Ice/Air   0%         6-21      100%        5
 Yara's Violent Unravell  Hex/Tmut       0%         3d3       100%        5


Dungeon Overview and Level Annotations

Branches:
Dungeon (2/15)

Altars:

Annotations:
D:1 Terence


Innate Abilities, Weirdness & Mutations

You have a pair of horns on your head.
You reflexively headbutt those who attack you in melee.


Message History

You barely miss the kobold. You block the kobold's attack.
You barely miss the kobold. The kobold completely misses you.
The kobold barely misses you.
You hit the kobold.
You kill the kobold!
No target in view!
You climb downwards.
There is a stone staircase leading up, spattered with blood here.
You climb upwards.
There is a stone staircase leading down, spattered with blood here.
No target in view!
HP restored.
Partly explored, can't reach some places.
There is an open door here.
There is an open door here.
There is a stone staircase leading down here.
You climb downwards.
Found a stone staircase leading up.
There is a stone staircase leading up here.
You climb upwards.
There is a stone staircase leading down here.
There is an open door here.
There is a stone staircase leading down here.
You climb downwards.
Terence shouts!
A ball python comes into view.
There is a stone staircase leading up here.
Terence hits you with a +0 mace.
There is a stone staircase leading up here.
Terence hits you with a +0 mace.
You climb upwards.
There is a stone staircase leading down here.
Terence attacks as you move away! Terence hits you with a +0 mace.
You block the adder's attack. The adder closely misses you.
Terence attacks as you move away! You block Terence's attack.
You closely miss Terence. You headbutt Terence, but do no damage.
Terence hits you with a +0 mace. Terence hits you with a +0 mace!
* * * LOW HITPOINT WARNING * * *
You barely miss Terence. Terence hits you with a +0 mace.
You die...

####...## ###...##.#### ##...#
#.####.# #...## ####.#.##.####
##...#### #....#.##.#...
#......#### ##.#....#..###
##........### #.#......#...
###........# #........≈...
#####....######.#..#≈.≈..
###############@@S....#..#..≈.≈.
#.....#...# ####..##....#.).≈.≈
######.#.#.####.....##.#..#...≈≈.
# #..).........########.#...≈≈_
## #...#.....#...........#..≈.≈≈
.# #...#####.#.#####......#≈≈≈≈.
.# ##.## #.....# #.##....#..≈. .#
#.##########'###.....#..#.≈. .##
#.#............####......##.


You could see Terence and an adder.

Vanquished Creatures
  An adder (D:1)
  3 endoplasms
  3 quokkas (D:1)
  2 ball pythons (D:1)
  2 bats (D:1)
  A frilled lizard (D:1)
  3 goblins (D:1)
  2 kobolds (D:1)
  A rat (D:1)
18 creatures vanquished.

Notes
Turn   | Place    | Note
-------+----------+-------------------------------------------
     0 | D:1      | acebull12 the Minotaur Fighter began the quest for the Orb.
     0 | D:1      | Reached XP level 1. HP: 19/19 MP: 0/0
   193 | D:1      | Got the Papyrus of Icy Fire
   264 | D:1      | Reached XP level 2. HP: 23/27 MP: 1/1
   411 | D:1      | Found a faded altar of an unknown god.
  1166 | D:2      | Noticed Terence
  1174 | D:1      | Slain by Terence

Illustrated notes

Levels and vault maps discovered:
D:1:      kilobyte_arrival_exit_the_forest, layout_basic, serial_curves,
          eino_curves_01, eino_curves_04,
          shapermc_ecumenical_altar_starsandcircs, minmay_pentomino_o4
D:2:      layout_basic, uniq_terence

Skill      XL: |  1  2 |
---------------+-------+-----
Armour         | 4 |  4.0
Fighting       | 4 |  4.4
Axes           | |  2.6
Shields        | |  3.9

Action                   || total
-------------------------++-------
Melee: War axe           ||    37
       Headbutt          ||     5
Armor: Scale mail        ||    20
Dodge: Dodged            ||    25
Block: Buckler           ||    14

Table legend: (Time is in decaauts)
 A = Elapsed time spent in this place.
 B = Non-inter-level travel time spent in this place.
 C = Inter-level travel time spent in this place.
 D = Time resting spent in this place.
 E = Time spent auto-exploring this place.
 F = Levels seen in this place.
 G = Mean time per level.
                   A        B        C        D        E       F      G
               +--------+--------+--------+--------+--------+-----+--------+
         Total |   1204 |   1083 |    121 |      0 |    945 |   2 |  602.0 |
       Dungeon |   1204 |   1083 |    121 |      0 |    945 |   2 |  602.0 |
               +--------+--------+--------+--------+--------+-----+--------+

Top non-repeatable levels by time:
     D:1: 1188 daAuts
     D:2: 15 daAuts
